 Dungeon Crawl Stone Soup version 0.31-a0-542-gdc2a67831c (webtiles) character file.

Game seed: 12311696581945206718

509 Newt the Trooper (level 6, 0/45 (51) HPs)
             Began as a Demonspawn Fighter on Aug 14, 2023.
             Slain by a wight
             ... wielding a +0 flail
              (1 damage)
             ... on level 5 of the Dungeon.
             The game lasted 00:03:48 (5262 turns).

Newt the Trooper (Demonspawn Fighter)               Turns: 5262, Time: 00:03:48

HP:   0/45 (51)     AC:  7    Str: 18    XL:     6   Next: 98%
MP:   6/6           EV: 10    Int: 10    God:
Gold: 186           SH:  8    Dex:  9    Spells: 5/5 levels left

rFire   + . .        j - +1 hammer of Income {drain, rF+ Dex-3 Stlth+}
rCold   . . .        c - +0 buckler
rNeg    . . .        b - +0 scale mail
rPois   .            (helmet restricted)
rElec   .            l - +0 cloak
rCorr   .            (no gloves)
SInv    +            (no boots)
Will    +....        (no amulet)
Stlth   +            o - ring of see invisible
HPRegen 0.27/turn    e - ring of willpower
MPRegen 0.10/turn

%: no passive effects
@: heavily drained
A: antennae 1, large bone plates 1, ignite blood 2
a: no special abilities


You were on level 5 of the Dungeon.
You visited 1 branch of the dungeon, and saw 5 of its levels.

You collected 186 gold pieces.

Inventory:

Hand Weapons
 a - a +0 rapier
 g - a +2 whip of draining
 j - the +1 hammer of Income (weapon) {drain, rF+ Dex-3 Stlth+}
   (You found it on level 3 of the Dungeon)

   Dex-3:     It affects your dexterity (-3).
   rF+:       It protects you from fire.
   Stlth+:    It makes you more stealthy.
Armour
 b - a +0 scale mail (worn)
 c - a +0 buckler (worn)
 l - a +0 cloak (worn)
 q - the +1 helmet of Otekecuc {Stlth+}
   (You found it on level 4 of the Dungeon)

   Stlth+:    It makes you more stealthy.
Jewellery
 e - a ring of willpower (right hand)
 f - a ring of resist corrosion
 o - a ring of see invisible (left hand)
Wands
 d - a wand of mindburst (12)
 p - a wand of flame (25)
 s - a wand of charming (9)
Scrolls
 n - 3 scrolls of teleportation
Potions
 k - a potion of enlightenment {unknown}
 m - a potion of magic
 r - a potion of brilliance {unknown}
 t - a potion of might


   Skills:
 - Level 5.0 Fighting
 - Level 1.7 Short Blades
 + Level 4.3 Maces & Flails
 - Level 2.6 Armour
 - Level 3.0 Dodging
 - Level 2.6 Shields


You had 5 spell levels left.
You didn't know any spells.
Your spell library contained the following spells:

 Spells                   Type           Power      Damage    Failure   Level
 Foxfire                  Conj/Fire      0%         2x1d4     83%         1
 Ensorcelled Hibernation  Hex/Ice        0%         N/A       93%         2
 Passwall                 Tmut/Erth      0%         N/A       93%         2
 Wereblood                Tmut           0%         N/A       93%         2
 Dazzling Flash           Conj/Hex       0%         N/A       99%         3
 Swiftness                Air            0%         N/A       99%         3
 Volatile Blastmotes      Fire/Tloc      0%         2d10      99%         3
 Irradiate                Conj/Tmut      0%         3d11      100%        5
 Starburst                Conj/Fire      0%         6d3       100%        6
 Maxwell's Capacitive Co  Air            0%         ∞         100%        8


Dungeon Overview and Level Annotations

Branches:
Dungeon (5/15)
 Temple: D:4-7

Altars:
Xom


Innate Abilities, Weirdness & Mutations

You have a pair of small antennae on your head.
You are partially covered in large bone plates. (SH +4)
Your demonic aura often causes spilled blood to erupt in flames.


Message History

Your Fighting skill increases to level 5!
You need to enable at least one skill for training.
You hit the wight.
The wight is lightly damaged.
The wight hits you but does no damage.
You hit the wight but do no damage.
The wight is lightly damaged.
The wight hits you with a +0 falchion.
You sock the wight!
The wight is severely damaged.
The wight closely misses you. You block the wight's attack.
You hit the wight.
You destroy the wight!
You barely miss the wight. The wight closely misses you.
You hit the wight but do no damage. The wight hits you with a +0 flail.
You closely miss the wight. The wight barely misses you.
The wight hits you with a +0 flail.
You feel drained.
You closely miss the wight. The wight hits you with a +0 flail!
You feel drained.
You hit the wight but do no damage. The wight hits you with a +0 flail.
You are too injured to fight recklessly!
You are too injured to fight recklessly!
You are too injured to fight recklessly!
You hit the wight.
The wight is lightly damaged.
The wight hits you with a +0 flail!
* * * LOW HITPOINT WARNING * * *
You hit the wight.
The wight is heavily damaged.
The wight hits you with a +0 flail!
* * * LOW HITPOINT WARNING * * *
You feel drained.
* * * LOW HITPOINT WARNING * * *
The wight attacks as you move away! You block the wight's attack.
You hit the wight but do no damage.
The wight is heavily damaged.
You block the wight's attack. The wight hits you with a +0 flail!
* * * LOW HITPOINT WARNING * * *
You feel drained.
You die...

......z.....#
....#.#.#...# .
#.####)## #)####.#
#.####.#....#
#...........###.#
.................#
..#.#####z#########
....#####@#####
#..<...<....(.#
#.........###......
..######### #####


You could see a wight.

Vanquished Creatures
  A phantom (D:3)
  Blork the orc (D:4)
  3 wights (D:5)
  Crazy Yiuf (D:3)
  Ijyb (D:3)
  An orc wizard (D:4)
  4 gnolls
  3 adders
  A worm (D:2)
  6 orcs (D:4)
  8 ball pythons
  3 bats
  4 endoplasms
  A giant cockroach (D:2)
  8 goblins
  5 hobgoblins
  10 jackals
  2 quokkas
  4 frilled lizards
  8 kobolds
  3 rats
78 creatures vanquished.

Notes
Turn   | Place    | Note
-------+----------+-------------------------------------------
     0 | D:1      | Newt the Demonspawn Fighter began the quest for the Orb.
     0 | D:1      | Reached XP level 1. HP: 18/18 MP: 1/1
   249 | D:1      | Reached skill level 1 in Dodging
   274 | D:1      | Found a faded altar of an unknown god.
   295 | D:1      | Got Plato's Grimoire of Inflammable Force
   400 | D:1      | Gained mutation: Your demonic aura sometimes causes spilled
                  | blood to erupt in flames. [demonic ancestry]
   400 | D:1      | Reached XP level 2. HP: 24/24 MP: 2/2
  1326 | D:2      | Found a shimmering altar of Xom.
  1502 | D:2      | Gained mutation: You have a pair of small antennae on your
                  | head. [demonic ancestry]
  1502 | D:2      | Reached XP level 3. HP: 26/26 MP: 3/3
  2038 | D:3      | Reached skill level 1 in Maces & Flails
  2349 | D:2      | Gained mutation: Your demonic aura often causes spilled
                  | blood to erupt in flames. [demonic ancestry]
  2349 | D:2      | Reached XP level 4. HP: 26/35 MP: 4/4
  2841 | D:3      | Noticed Ijyb
  2855 | D:3      | Killed Ijyb
  3303 | D:3      | Found a runed translucent door.
  3304 | D:3      | Noticed Crazy Yiuf
  3305 | D:3      | Identified the +1 hammer of Income {drain, rF+ Dex-3
                  | Stlth+}
  3314 | D:3      | Killed Crazy Yiuf
  3315 | D:3      | Reached XP level 5. HP: 26/41 MP: 5/5
  3542 | D:3      | Noticed a phantom
  3560 | D:3      | Killed a phantom
  3977 | D:4      | Noticed Blork the orc
  3989 | D:4      | Killed Blork the orc
  3990 | D:4      | Gained mutation: You are partially covered in large bone
                  | plates. (SH +4) [demonic ancestry]
  3990 | D:4      | Reached XP level 6. HP: 20/48 MP: 6/6
  4365 | D:4      | Identified the +1 helmet of Otekecuc {Stlth+}
  4521 | D:4      | Reached skill level 4 in Fighting
  4532 | D:4      | HP: 1/48 [poisoned by an orc wizard]
  5059 | D:5      | Entered Level 5 of the Dungeon
  5245 | D:5      | Reached skill level 5 in Fighting
  5262 | D:5      | HP: 1/47 [wight/+0 flail (7)]
  5262 | D:5      | Slain by a wight

Illustrated notes

Levels and vault maps discovered:
D:1:      sevenhm_arrival_forest_fort_large_4, layout_loops_corners,
          shapermc_ecumenical_altar_rom_forum, serial_rivers,
          chequers_serial_rivers_micro_e, chequers_serial_rivers_micro_e,
          chequers_serial_rivers_small_a, chequers_serial_rivers_large_a,
          kennysheep_minor_cross, minivault_27, nrook_mini_vaults,
          serial_park_tiny_1
D:2:      layout_loops_cross, basic_altar
D:3:      layout_loops_ring, kennysheep_generic_room_15, uniq_ijyb,
          uniq_crazy_yiuf_cottage
D:4:      layout_basic, roderic_roman_lattice, minivault_27, uniq_blork_the_orc
D:5:      layout_loops_ring, temple_doors_e, uniq_grinder

Skill      XL: |  1  2  3  4  5  6 |
---------------+-------------------+-----
Dodging        | 1 2 3 |  3.0
Maces & Flails | 1 3 4 |  4.3
Fighting       | 5 |  5.0
Short Blades   | |  1.7
Armour         | |  2.6
Shields        | |  2.6

Action                     |  1- 3 |  4- 6 || total
---------------------------+-------+-------++-------
  Melee: Rapier            |    43 |       ||    43
         Whip              |   106 |    53 ||   159
         Mace              |       |    82 ||    82
  Evoke: Wand              |       |     1 ||     1
    Use: Scroll            |     4 |     5 ||     9
         Potion            |       |     4 ||     4
 Armour: Scale mail        |    61 |    48 ||   109
  Dodge: Dodged            |    67 |    63 ||   130
  Block: Buckler           |    39 |    31 ||    70

Table legend: (Time is in decaauts)
 A = Elapsed time spent in this place.
 B = Non-inter-level travel time spent in this place.
 C = Inter-level travel time spent in this place.
 D = Time resting spent in this place.
 E = Time spent auto-exploring this place.
 F = Levels seen in this place.
 G = Mean time per level.
                   A        B        C        D        E       F      G
               +--------+--------+--------+--------+--------+-----+--------+
         Total |   5315 |   5204 |    111 |   1458 |   3115 |   5 | 1063.0 |
       Dungeon |   5315 |   5204 |    111 |   1458 |   3115 |   5 | 1063.0 |
               +--------+--------+--------+--------+--------+-----+--------+

Top non-repeatable levels by time:
     D:3: 1560 daAuts
     D:4: 1236 daAuts
     D:1: 1225 daAuts
     D:2: 1084 daAuts
     D:5: 207 daAuts
